 Dungeon Crawl Stone Soup version 0.21-a0-380-gd65dc97 (webtiles) character file.

144007 graki42 the Fencer (level 17, -2/123 HPs)
             Began as a Halfling Berserker on Oct 17, 2017.
             Was a High Priest of Trog.
             Slain by a merfolk impaler
             ... wielding a +0 trident
              (12 damage)
             ... on level 4 of the Shoals on Oct 18, 2017.
             The game lasted 01:43:41 (30189 turns).

graki42 the Fencer (Halfling Berserker)            Turns: 30189, Time: 01:43:42

Health: -2/123     AC: 21    Str: 18    XL:     17   Next: 65%
Magic:  17/17      EV: 20    Int:  4    God:    Trog [*****.]
Gold:   2592       SH: 14    Dex: 18    Spells: 16/16 levels left

rFire    + + .     SeeInvis .   u - +1 demon blade (elec)
rCold    . . .     Gourm    .   B - +3 buckler {AC+3}
rNeg     + + .     Faith    .   G - +4 scale mail {rPois}
rPois    +         Spirit   .   C - +0 helmet "Veemm" {rF+ rN+ Int-4}
rElec    .         Reflect  +   D - +0 cloak
rCorr    .         Harm     .   d - +0 pair of gloves
MR       +....                  (no boots)
Stlth    +.........             A - +2 amulet of reflection
HPRegen  0.30/turn              a - ring of protection from fire
MPRegen  0.15/turn              T - ring of positive energy

@: mesmerised
A: mutation resistance 1
}: 1/15 runes: gossamer
a: Berserk, Trog's Hand, Brothers in Arms, Burn Spellbooks, Renounce Religion


You were on level 4 of the Shoals.
You worshipped Trog.
Trog was extremely pleased with you.
You were not hungry.

You visited 5 branches of the dungeon, and saw 26 of its levels.
You visited 1 bazaar.
You also visited: Bailey.

You collected 3298 gold pieces.
You spent 706 gold pieces at shops.

Inventory:

Hand Weapons
 j - a +6 antimagic long sword
 u - a +1 demon blade of electrocution (weapon)
 v - a +0 rapier of venom
 Q - a +7 scimitar of flaming
Armour
 d - a +0 pair of gloves (worn)
 B - a +3 buckler of protection (worn)
 C - the +0 helmet "Veemm" (worn) {rF+ rN+ Int-4}
   (You found it on level 5 of the Dungeon)

   It affects your intelligence (-4).
   It protects you from fire.
   It protects you from negative energy.
 D - a +0 cloak (worn)
 F - the +6 chain mail of Twilight {Regen+ Str+2 Int-4 Slay+5}
   (You found it on level 4 of the Lair of Beasts)

   It affects your strength (+2).
   It affects your intelligence (-4).
   It affects your accuracy and damage with ranged weapons and melee attacks
   (+5).
   It increases your rate of regeneration.
 G - a +4 scale mail of poison resistance (worn)
Jewellery
 a - a ring of protection from fire (left hand)
 b - a +3 ring of intelligence
 q - a +2 ring of intelligence
 z - an uncursed ring of poison resistance {unknown}
 A - a +2 amulet of reflection (around neck)
 T - a ring of positive energy (right hand)
 X - an uncursed ring of resist corrosion
Wands
 o - a wand of random effects (25/48)
 E - a wand of acid (8/15)
 L - a wand of digging (21/24)
Scrolls
 f - 5 scrolls of fear
 h - 8 scrolls of teleportation
 i - 3 scrolls of fog
 l - 2 scrolls of enchant armour
 m - a scroll of summoning
 w - 14 scrolls of remove curse
 I - a scroll of enchant weapon
 O - 6 scrolls of identify
Potions
 e - 3 potions of ambrosia
 n - a potion of invisibility
 p - a potion of might
 r - 2 potions of magic
 t - 3 potions of haste
 x - 4 potions of curing
 J - a potion of heal wounds
 N - 3 potions of resistance
 S - 2 potions of flight
Books
 g - a book of Debilitation

   Spells                             Type                      Level
   a - Corona                         Hexes                        1
   b - Slow                           Hexes                        2
   c - Inner Flame                    Hexes/Fire                   3
   d - Portal Projectile              Hexes/Translocation          3
   e - Cause Fear                     Hexes                        4
   f - Leda's Liquefaction            Hexes/Earth                  4
   Trog disapproves of the use of such an item.
Miscellaneous
 k - a phial of floods
 y - a sack of spiders
Comestibles
 c - 9 bread rations
 H - 5 fruits


   Skills:
 + Level 13.4 Fighting
 + Level 16.7 Long Blades
 + Level 12.9 Armour
 + Level 11.1 Dodging
 - Level 1.1 Stealth
 + Level 14.4 Shields


You had 16 spell levels left.
You didn't know any spells.

Dungeon Overview and Level Annotations

Branches:
Dungeon (10/15)            Temple (0/1) D:7            Lair (6/6) D:10
 Shoals (4/4) Lair:4       Spider (4/4) Lair:4        Slime (0/5) Lair:6
    Orc (2/2) D:9             Elf (0/3) Orc:2

Altars:
Ashenzari
Cheibriados
Fedhas
Hepliaklqana
Makhleb
Nemelex Xobeh
Okawaru
Qazlal
Ru
Sif Muna
Trog
Xom
Yredelemnul
Zin
The Shining One
Beogh

Shops:
D:4 %   Orc:1 :   Orc:2 *:([   Shoals:3 *

Annotations:
Shoals:2 zkyp's ghost, adept MiSu
Shoals:4 Ilsuiw
Spider:3 Agnes, Azrael


Innate Abilities, Weirdness & Mutations

You are small and have problems with some larger weapons.
You are somewhat resistant to further mutation.


Message History

The merfolk siren chants its luring song. x2
Something hits you.
* * * LOW HITPOINT WARNING * * *
Something freezes you.
* * * LOW HITPOINT WARNING * * *
The water elemental completely misses you.
You riposte.
You hit the water elemental.
The water elemental is lightly damaged.
The merfolk aquamancer is engulfed in a cloud of scalding steam.
The merfolk aquamancer hits you with a rapier of speed!!
* * * LOW HITPOINT WARNING * * *
The merfolk siren chants its luring song. x2
The merfolk javelineer throws a javelin of returning.
The javelin of returning barely misses you.
The weapon returns to the merfolk javelineer!
A merfolk impaler comes into view. It is wielding a trident of piercing.
You barely miss something.
You hear some strange, mumbled words.
The merfolk impaler hits you from afar with a trident!
You die... mm≈

≈≈≈≈≈ ...≈≈## .###≈≈≈≈≈
...≈≈#≈ .≈#≈≈≈≈≈≈ P...≈≈≈
m≈..≈≈≈≈≈
.....≈≈#####≈≈.≈≈≈≈≈
.P.P.......mm##≈#≈.≈≈≈≈≈≈ .P
#...........≈≈≈mH≈≈≈≈≈≈≈≈ ≈≈.
#......P.....≈E≈≈≈≈≈≈≈≈≈≈
≈P.##..........{@mmEm≈≈≈≈≈≈≈≈
≈................Em≈≈≈≈≈≈≈≈≈≈
.................≈≈≈≈≈≈≈≈≈≈≈≈
#.....≈≈.........≈≈≈≈≈≈≈≈≈≈≈≈
....≈≈≈≈.......≈≈≈≈≈≈≈≈≈≈≈≈≈≈
.≈≈≈≈....###..≈≈.#.≈≈≈≈≈≈≈≈≈≈
≈≈≈≈.....# #.≈≈≈##.≈≈≈≈≈≈≈≈≈≈
≈≈≈≈.##### ##.≈≈..≈≈≈≈≈≈≈≈≈≈
..≈..# ##.≈≈≈≈≈≈≈≈≈≈≈≈


You could see 2 merfolk impalers, a merfolk javelineer, a merfolk aquamancer, a
manticore, 3 water elementals and 3 merfolk sirens.

Vanquished Creatures
  The ghost of torrenera the Lord of Darkness, an adept DDNe of Kikubaaqudgha (Spider:2)
  Roxanne (Spider:3)
  3 ghost moths (Spider:4)
  6 emperor scorpions (Spider:4)
  3 entropy weavers
  A merfolk impaler (Shoals:4)
  A hydra (Lair:6)
  2 merfolk avatars
  A merfolk aquamancer (Shoals:1)
  Erica (D:8)
  A centaur warrior (Shoals:1)
  An alligator snapping turtle (Shoals:3)
  3 two-headed ogres
  5 orc high priests
  A queen ant (Lair:4)
  The ghost of wazuzu the Martial Artist, a novice DsGl of Makhleb (D:8)
  5 sea snakes
  A lindwurm (Lair:4)
  9 deep elf magi
  5 orc knights
  12 harpies
  18 wolf spiders
  8 orc sorcerers
  A cyclops (Shoals:3)
  10 manticores
  14 orb spiders
  3 fauns
  5 merfolk sirens
  7 moths of wrath
  7 black mambas
  Maurice (Orc:1)
  11 elephants
  2 water nymphs (Shoals:3)
  2 molten gargoyles (Lair:4)
  15 spiny frogs
  3 rime drakes
  8 komodo dragons
  7 demonic crawlers
  A troll (D:10)
  8 merfolk
  30 jumping spiders
  A queen bee (D:10)
  10 polar bears
  5 hornets
  3 wind drakes
  3 blink frogs (Lair:4)
  7 hippogriffs
  A meliai zombie (D:10)
  7 snapping turtles
  7 dream sheep
  52 redbacks
  8 yaks
  3 wyverns
  19 tarantellas
  11 water elementals
  A basilisk (Lair:1)
  A hungry ghost (D:10)
  23 soldier ants (Lair:4)
  14 porcupines
  9 water moccasins
  24 orc warriors
  3 sky beasts
  A black bear (D:7)
  12 ogres
  6 centaurs (Shoals:1)
  7 phantoms
  12 wolves
  9 crocodiles
  The ghost of grizmgrazm2 the Conjurer, an amateur DECj (D:3)
  A gnoll sergeant (D:5)
  13 bullfrogs
  A wyvern skeleton (D:10)
  5 scorpions
  A water moccasin skeleton (D:7)
  21 killer bees
  10 wights
  3 howler monkeys (D:10)
  2 electric eels
  2 crimson imps
  5 lava snakes (Lair:4)
  A quasit (D:8)
  A bullfrog zombie (D:7)
  12 orc priests
  4 hounds
  3 jellies
  A centaur skeleton (D:6)
  3 iguanas
  A bullfrog skeleton (D:5)
  25 orc wizards
  30 worker ants
  A hound zombie (D:5)
  A hound skeleton (D:4)
  A howler monkey zombie (D:10)
  2 worker ant zombies
  9 adders
  8 gnolls
  5 shadow imps
  5 oozes
  An adder skeleton (D:7)
  2 worms
  4 dart slugs
  2 leopard geckos
  42 orcs
  2 ball pythons (D:1)
  5 bats
  4 giant cockroaches
  6 goblins
  4 hobgoblins
  8 jackals
  4 kobolds
  5 quokkas
  A frilled lizard (D:5)
  7 rats
  A fungus (D:10)
760 creatures vanquished.

Vanquished Creatures (others)
  A merfolk aquamancer (Shoals:3)
  A faun (Shoals:1)
  2 jumping spiders (Spider:4)
  5 dream sheep (Lair:5)
  A centaur (D:5)
  2 orc wizards
  2 orcs
  13 fungi
  13 plants
  5 tentacles (Shoals:1)
45 creatures vanquished.

Grand Total: 805 creatures vanquished

Notes
Turn   | Place    | Note
-------+----------+-------------------------------------------
     0 | D:1      | graki42 the Halfling Berserker began the quest for the Orb.
     0 | D:1      | Reached XP level 1. HP: 15/15 MP: 1/1
   177 | D:1      | Reached XP level 2. HP: 18/20 MP: 2/2
   343 | D:1      | Reached XP level 3. HP: 11/26 MP: 3/3
  1156 | D:2      | Reached XP level 4. HP: 22/31 MP: 4/4
  1509 | D:2      | Reached skill level 4 in Long Blades
  1524 | D:2      | Reached ** piety under Trog
  2131 | D:3      | Noticed grizmgrazm2's ghost (amateur DECj)
  2142 | D:3      | Killed grizmgrazm2's ghost
  2142 | D:3      | Reached skill level 1 in Stealth
  2142 | D:3      | Reached XP level 5. HP: 33/36 MP: 5/5
  2435 | D:3      | Found a glowing silver altar of Zin.
  2818 | D:3      | Reached XP level 6. HP: 42/42 MP: 6/6
  2942 | D:4      | Reached skill level 5 in Long Blades
  3383 | D:4      | Reached XP level 7. HP: 47/47 MP: 7/7
  3445 | D:4      | Found Jolutugo's Food Shop.
  3519 | D:4      | Reached skill level 6 in Long Blades
  4290 | D:5      | Entered Level 5 of the Dungeon
  4325 | D:5      | Got a pitted helmet
  4331 | D:5      | Identified the +0 helmet "Veemm" {rF+ rN+ Int-4} (You found it on level 5 of the Dungeon)
  4337 | D:5      | Found a shattered altar of Ashenzari.
  4339 | D:5      | Reached XP level 8. HP: 24/54 MP: 8/8
  4659 | D:5      | Reached skill level 7 in Long Blades
  4925 | D:5      | Reached *** piety under Trog
  5265 | D:5      | Reached skill level 5 in Armour
  5543 | D:5      | Reached skill level 8 in Long Blades
  5543 | D:5      | Reached XP level 9. HP: 50/60 MP: 9/9
  5793 | D:5      | Reached skill level 5 in Fighting
  6513 | D:6      | Reached skill level 9 in Long Blades
  7046 | D:7      | Found a glowing golden altar of the Shining One.
  7046 | D:7      | Found a deep blue altar of Sif Muna.
  7046 | D:7      | Found a shimmering altar of Xom.
  7047 | D:7      | Found a deep blue altar of Sif Muna.
  7047 | D:7      | Found a sacrificial altar of Ru.
  7047 | D:7      | Found a blossoming altar of Fedhas.
  7047 | D:7      | Found a stormy altar of Qazlal.
  7048 | D:7      | Found a sparkling altar of Nemelex Xobeh.
  7048 | D:7      | Found an iron altar of Okawaru.
  7050 | D:7      | Found a hazy altar of Hepliaklqana.
  7050 | D:7      | Found a burning altar of Makhleb.
  7067 | D:7      | Found a basalt altar of Yredelemnul.
  7606 | D:7      | Found a staircase to the Ecumenical Temple.
  7795 | D:8      | Noticed Erica
  7808 | D:8      | Killed Erica
  7808 | D:8      | Reached **** piety under Trog
  7808 | D:8      | Reached skill level 10 in Long Blades
  7808 | D:8      | Reached skill level 5 in Dodging
  7808 | D:8      | Reached XP level 10. HP: 68/68 MP: 10/10
  8026 | D:8      | Noticed a two-headed ogre
  8037 | D:8      | Killed a two-headed ogre
  8095 | D:8      | Noticed a two-headed ogre
  8105 | D:8      | Killed a two-headed ogre
  8185 | D:8      | Noticed wazuzu's ghost (novice DsGl)
  8201 | D:8      | Killed wazuzu's ghost
  8201 | D:8      | Reached skill level 11 in Long Blades
  8201 | D:8      | Reached XP level 11. HP: 45/75 MP: 11/11
  8769 | D:9      | Found a flagged portal.
  8788 | Bailey   | Entered a bailey
  8789 | Bailey   | Noticed an orc knight
  8807 | Bailey   | Noticed an orc knight
  8825 | Bailey   | Killed an orc knight
  9200 | D:9      | Found a staircase to the Orcish Mines.
  9252 | D:9      | Identified a scroll of acquirement
  9607 | D:9      | Got a twisted ring mail
  9618 | D:9      | Identified the +4 ring mail of Liberty {Regen+ Int+2 Dex+6} (You found it on level 9 of the Dungeon)
  9993 | D:10     | Entered Level 10 of the Dungeon
 10045 | D:10     | Reached skill level 1 in Shields
 10161 | D:10     | Found a snail-covered altar of Cheibriados.
 10285 | D:10     | Reached skill level 12 in Long Blades
 10395 | D:10     | Noticed a two-headed ogre
 10400 | D:10     | Killed a two-headed ogre
 10612 | D:10     | Reached ***** piety under Trog
 10718 | D:10     | Found a staircase to the Lair.
 11148 | Lair:1   | Entered Level 1 of the Lair of Beasts
 11305 | Lair:1   | Reached XP level 12. HP: 82/82 MP: 12/12
 11870 | Lair:2   | Reached skill level 13 in Long Blades
 12413 | Lair:2   | Reached skill level 5 in Shields
 12914 | Lair:3   | Reached XP level 13. HP: 72/90 MP: 13/13
 12992 | Lair:3   | Reached skill level 10 in Armour
 13012 | Lair:3   | Reached skill level 14 in Long Blades
 13858 | Lair:4   | Noticed an entropy weaver
 14022 | Lair:3   | Killed an entropy weaver
 14421 | Lair:4   | Noticed an entropy weaver
 14448 | Lair:4   | Killed an entropy weaver
 14599 | Lair:4   | Found a hole to the Spider Nest.
 14667 | Lair:4   | Reached ****** piety under Trog
 14815 | Lair:4   | Received a gift from Trog
 14840 | Lair:4   | Reached skill level 10 in Fighting
 14967 | Lair:4   | Got a dazzling chain mail
 14987 | Lair:4   | Identified the +6 chain mail of Twilight {Regen+ Str+2 Int-4 Slay+5} (You found it on level 4 of the Lair of Beasts)
 14987 | Lair:4   | Lost intelligence.
 15096 | Lair:4   | Found a staircase to the Shoals.
 15677 | Lair:5   | Reached XP level 14. HP: 99/99 MP: 14/14
 16214 | Lair:5   | Found a shimmering altar of Xom.
 16369 | Lair:6   | Entered Level 6 of the Lair of Beasts
 16475 | Lair:6   | Found a staircase to the Slime Pits.
 16662 | Lair:6   | Reached skill level 15 in Long Blades
 17031 | Lair:6   | Paralysed by a hornet for 2 turns
 17459 | Orc:1    | Entered Level 1 of the Orcish Mines
 17525 | Orc:1    | Found Godghugg's Book Shop.
 17601 | Orc:1    | Received a gift from Trog
 17680 | Orc:1    | Found a roughly hewn altar of Beogh.
 17919 | Orc:1    | Found a bloodstained altar of Trog.
 17934 | Orc:2    | Entered Level 2 of the Orcish Mines
 17934 | Orc:2    | Found a flickering gateway to a bazaar.
 17941 | Bazaar   | Entered a bazaar
 17958 | Bazaar   | Found Pekigr Mozor's Magic Scroll Emporium.
 17971 | Bazaar   | Found Tisirerr's Weapon Emporium.
 17971 | Bazaar   | Found Hoocurip's Gadget Shoppe.
 17986 | Bazaar   | Found Ciqisutu's Jewellery Shoppe.
 18001 | Bazaar   | Found Tomorrie's Magic Scroll Emporium.
 18122 | Bazaar   | Bought a scroll of enchant weapon for 67 gold pieces
 18122 | Bazaar   | Bought 2 scrolls of brand weapon for 360 gold pieces
 18122 | Bazaar   | Bought a scroll of enchant armour for 67 gold pieces
 18160 | Orc:2    | Noticed Maurice
 18354 | Orc:1    | Killed Maurice
 18586 | Orc:1    | Reached skill level 10 in Shields
 18789 | Orc:2    | Found a staircase to the Elven Halls.
 18796 | Orc:2    | Reached XP level 15. HP: 68/106 MP: 5/15
 18860 | Orc:2    | Received a gift from Trog
 19222 | Orc:2    | Found Deyrej's Antique Armour Shoppe.
 19540 | Orc:2    | Found Reitu's Book Boutique.
 19546 | Orc:2    | Found Iding's Assorted Antiques.
 19548 | Orc:2    | Found Fiown's Weapon Shoppe.
 19810 | Spider:1 | Entered Level 1 of the Spider Nest
 19845 | Spider:1 | Received a gift from Trog
 20568 | Spider:1 | Received a gift from Trog
 21097 | Spider:2 | Noticed torrenera's ghost (adept DDNe)
 21476 | Spider:2 | Killed torrenera's ghost
 21574 | Spider:2 | Reached skill level 16 in Long Blades
 22258 | Spider:2 | Reached XP level 16. HP: 78/114 MP: 16/16
 22683 | Spider:3 | Noticed Roxanne
 22873 | Spider:3 | Noticed Azrael
 22874 | Spider:3 | Noticed Agnes
 22903 | Spider:4 | Entered Level 4 of the Spider Nest
 22944 | Spider:4 | Received a gift from Trog
 23832 | Spider:4 | Reached skill level 10 in Dodging
 24911 | Spider:4 | Received a gift from Trog
 25938 | Spider:4 | Got a gossamer rune of Zot
 26314 | Spider:3 | Killed Roxanne
 26315 | Spider:3 | Identified Roxanne's Almanac of Stones (You took it off Roxanne on level 3 of the Spider Nest)
 26565 | Shoals:1 | Entered Level 1 of the Shoals
 26691 | Shoals:1 | Reached XP level 17. HP: 94/121 MP: 17/17
 27699 | Shoals:1 | Received a gift from Trog
 28255 | Shoals:1 | Noticed a kraken
 28271 | Shoals:2 | Noticed zkyp's ghost (adept MiSu)
 29682 | Shoals:3 | Found Bucylic's General Store.
 29689 | Shoals:3 | Bought a scroll of enchant weapon for 127 gold pieces
 29689 | Shoals:3 | Bought a potion of heal wounds for 85 gold pieces
 29922 | Shoals:4 | Entered Level 4 of the Shoals
 30167 | Shoals:4 | Noticed Ilsuiw
 30189 | Shoals:4 | Slain by a merfolk impaler

Vault maps used:
D:1:      matt_arrival_grand_opening, serial_curves, eino_curves_01,
          eino_curves_02, eino_curves_03, st_stairs_1, minmay_stone_trees_large
D:2:      serial_glass, glass_columns_a, glass_columns_b,
          minmay_strange_pillars, minmay_strange_pillars
D:3:      zin_scriptorium, patterned_corridor
D:4:      serial_shops, shop, first_bread, hangedman_decor_diamond_cutter
D:5:      cheibrodos_ashenzari_chains
D:6:      minmay_a_box_with_orc_wizards_in_it
D:7:      temple_doors_ab
D:8:      uniq_erica
D:9:      orc_0_dummy, enter_bailey_2
D:10:     lair_entry_dummy, basic_altar, david_nohive_1,
          grunt_decor_mini_mirrors, grunt_ministairs_1, minmay_gold_behind_fungi
Lair:2:   grunt_megastairs_2
Lair:3:   grunt_forest_small_clearings, grunt_megastairs_3
Lair:4:   cheibrodos_magma_flow, shoals_dummy_entry, spider_nest_entry_rubble,
          nicolae_volcano_entry_vermiform, zaba_anthell, serial_bayou_shore_b
Lair:5:   kb_xom_exploding_sheep, grunt_megastairs_1
Lair:6:   gammafunk_lair_ancient_temple, nicolae_slime_entry_slimehenge
Shoals:1: centaur_isle
Shoals:2: cheibrodos_shoals_epimethial_gifts, uniq_nikola
Shoals:3: nicolae_shoals_c_island
Shoals:4: shoals_end_simple, shoals_ilsuiw_ice
Spider:1: spider_trap
Spider:3: uniq_roxanne, uniq_agnes, uniq_azrael
Spider:4: grunt_spider_rune_circles, hangedman_spider_tarantella_strand
Orc:1:    nicolae_orc_accident_2, serial_shops, shop, bloody_trog
Orc:2:    st_orc_elflike, serial_shops, bzr_entry_water, elves_outpost_lemuel,
          uniq_maurice
Bazaar:   bazaar_long_row
Bailey:   bailey_polearm_4, bailey

Skill      XL: |  1  2  3  4  5  6  7  8  9 10 11 12 13 14 15 16 17 |
---------------+----------------------------------------------------+-----
Fighting       | 3 4 6 7 8 9 10 11 12 13 | 13.4
Long Blades    | 4 5 6 8 10 11 12 13 14 15 16 | 16.7
Stealth        | 1 |  1.1
Armour         | 3 4 5 7 8 9 10 11 12 | 12.9
Dodging        | 3 4 5 6 7 8 9 10 11 | 11.1
Shields        | 3 5 7 10 12 13 14 | 14.4

Action                   |  1- 3 |  4- 6 |  7- 9 | 10-12 | 13-15 | 16-18 || total
-------------------------+-------+-------+-------+-------+-------+-------++-------
Melee: Falchion          |    69 |    28 |       |       |       |       ||    97
       Long sword        |       |    97 |   436 |       |   205 |       ||   738
       Scimitar          |       |       |       |   449 |  1063 |    67 ||  1579
       Demon blade       |       |       |       |       |       |   945 ||   945
Throw: Throwing net      |       |       |       |       |     1 |       ||     1
Invok: Berserk           |     1 |     3 |     9 |     9 |    17 |    14 ||    53
       Trog's Hand       |       |       |       |     2 |     1 |     3 ||     6
  Use: Scroll            |       |       |       |    27 |    12 |    11 ||    50
       Potion            |       |       |       |       |     5 |     5 ||    10
 Stab: Sleeping          |     1 |     1 |       |       |       |       ||     2
  Eat: Chunk             |     2 |     8 |    18 |    26 |    41 |    20 ||   115
       Bread ration      |       |       |     1 |       |       |       ||     1
       Fruit             |       |       |       |     2 |     6 |     5 ||    13
       Royal jelly       |       |       |       |       |     1 |     4 ||     5
       Meat ration       |       |       |       |       |       |     3 ||     3
Armor: Animal skin       |    13 |       |       |       |       |       ||    13
       Ring mail         |       |    42 |    22 |       |       |       ||    64
       Scale mail        |       |       |   125 |   108 |   174 |   324 ||   731
       Chain mail        |       |       |       |       |   151 |       ||   151
Dodge: Dodged            |    53 |    88 |   251 |   293 |   636 |   603 ||  1924
Block: Other             |       |     1 |    27 |     8 |       |       ||    36
       Reflection        |       |       |     3 |     1 |    12 |    36 ||    52
       Buckler           |       |       |       |   154 |   724 |   663 ||  1541
       Rpst.: Falchion   |    22 |     6 |       |       |       |       ||    28
       Long sword        |       |    27 |    70 |     1 |    32 |       ||   130
       Scimitar          |       |       |       |    81 |   101 |     5 ||   187
       Demon blade       |       |       |       |       |       |   109 ||   109

Table legend:
 A = Spawn XP
 B = Non-spawn XP
 C = Spawn XP percentage of total XP
 D = Spawn monster count
 E = Non-spawn monster count
 F = Spawn count percentage of total count
 G = Total turns spent on level
                    A         B        C        D         E        F      G
               +---------+---------+-------+---------+---------+-------+---------
         Total |       0 |  187153 |   0.0 |       0 |     765 |   0.0 | 30189
               +---------+---------+-------+---------+---------+-------+---------
           D:1 |       0 |      50 |   0.0 |       0 |      21 |   0.0 |  1009
           D:2 |       0 |      54 |   0.0 |       0 |      16 |   0.0 |   947
           D:3 |       0 |     182 |   0.0 |       0 |      15 |   0.0 |   980
           D:4 |       0 |     612 |   0.0 |       0 |      19 |   0.0 |  1354
           D:5 |       0 |    1321 |   0.0 |       0 |      23 |   0.0 |  1666
           D:6 |       0 |     652 |   0.0 |       0 |      19 |   0.0 |   717
           D:7 |       0 |     755 |   0.0 |       0 |      21 |   0.0 |  1122
           D:8 |       0 |    4914 |   0.0 |       0 |      21 |   0.0 |   951
           D:9 |       0 |    1064 |   0.0 |       0 |      17 |   0.0 |   949
          D:10 |       0 |    3766 |   0.0 |       0 |      43 |   0.0 |  1209
        Lair:1 |       0 |    3653 |   0.0 |       0 |      18 |   0.0 |   991
        Lair:2 |       0 |    6950 |   0.0 |       0 |      30 |   0.0 |  1046
        Lair:3 |       0 |    9163 |   0.0 |       0 |      34 |   0.0 |  1292
        Lair:4 |       0 |   11374 |   0.0 |       0 |      64 |   0.0 |  1874
        Lair:5 |       0 |    4718 |   0.0 |       0 |      19 |   0.0 |   818
        Lair:6 |       0 |   12079 |   0.0 |       0 |      40 |   0.0 |   894
      Shoals:1 |       0 |   16717 |   0.0 |       0 |      42 |   0.0 |  1648
      Shoals:2 |       0 |    4091 |   0.0 |       0 |       7 |   0.0 |    90
      Shoals:3 |       0 |   12764 |   0.0 |       0 |      26 |   0.0 |  1619
      Shoals:4 |       0 |    2413 |   0.0 |       0 |       5 |   0.0 |   267
      Spider:1 |       0 |   17211 |   0.0 |       0 |      53 |   0.0 |  1346
      Spider:2 |       0 |    9337 |   0.0 |       0 |      20 |   0.0 |  1157
      Spider:3 |       0 |    6383 |   0.0 |       0 |      15 |   0.0 |   350
      Spider:4 |       0 |   34962 |   0.0 |       0 |      70 |   0.0 |  3369
         Orc:1 |       0 |    8476 |   0.0 |       0 |      51 |   0.0 |  1053
         Orc:2 |       0 |   12604 |   0.0 |       0 |      50 |   0.0 |   902
        Bailey |       0 |     888 |   0.0 |       0 |       6 |   0.0 |   368
               +---------+---------+-------+---------+---------+-------+---------
